 Dungeon Crawl Stone Soup version 0.28.0-45-g0d030f2227 (webtiles) character file.

Game seed: 9377700332693363121

110 zeratav the Insei (level 4, -2/29 HPs)
             Began as an Octopode Transmuter on Apr 7, 2022.
             Slain by an orc priest
             ... wielding a +0 whip
              (5 damage)
             ... on level 3 of the Dungeon on Apr 8, 2022.
             The game lasted 00:03:24 (2943 turns).

zeratav the Insei (Octopode Transmuter)             Turns: 2943, Time: 00:03:24

Health: -2/29      AC:  1    Str:  9    XL:     4   Next: 91%
Magic:  7/7        EV: 13    Int: 15    God:
Gold:   114        SH:  0    Dex: 14    Spells: 6/7 levels left

rFire   . . .      SeeInvis .   f - +1 short sword (holy) {short}
rCold   . . .      Faith    .   (no shield)
rNeg    . . .      Spirit   .   (helmet currently unavailable)
rPois   .          Reflect  .   (no amulet)
rElec   .          Harm     .   (no ring)
rCorr   .          Rampage  .   (no ring)
Will    .....                   (no ring)
Stlth   +++.......              (no ring)
HPRegen 0.09/turn               (no ring)
MPRegen 0.10/turn               (no ring)
                                (no ring)
                                (no ring)

@: lethally poisoned (-2 -> -5), appendages (expiring)
A: tentacle spike 3, almost no armour, amphibious, 8 rings, camouflage 1,
gelatinous body 1, (nimble swimmer 1), tentacles
a: End Transformation


You were on level 3 of the Dungeon.
One of your tentacles had grown a beastly spike.
You visited 1 branch of the dungeon, and saw 3 of its levels.

You collected 114 gold pieces.


Innate Abilities, Weirdness & Mutations

One of your tentacles has grown a beastly spike.
You cannot wear most types of armour.
You are amphibious.
You can wear up to eight rings at the same time.
Your skin changes colour to match your surroundings (Stealth+).
Your rubbery body absorbs attacks. (AC +1, EV +1)
((You are camouflaged when in or above water. (Stealth+)))
You have tentacles for arms and can constrict up to eight enemies at once.


   Skills:
 + Level 1.8 Fighting
 + Level 2.6 Dodging
 + Level 2.4 Stealth
 * Level 4.0 Unarmed Combat
 - Level 2.0 Spellcasting
 + Level 2.7 Transmutations


You had 6 spell levels left.
You knew the following spells:

 Your Spells              Type           Power      Damage    Failure   Level
a - Beastly Appendage     Tmut           18%        N/A       8%          1

Your spell library contained the following spells:

 Spells                   Type           Power      Damage    Failure   Level
 Wereblood                Tmut           9%         N/A       11%         2
 Spider Form              Tmut/Pois      5%         N/A       36%         3
 Ice Form                 Ice/Tmut       5%         N/A       77%         4

Inventory:

Hand Weapons
 f - a +1 short sword of holy wrath (weapon) {short}
   (You took it off a kobold on level 2 of the Dungeon)
Jewellery
 h - a ring of flight
   (You found it on level 2 of the Dungeon)
Scrolls
 a - 4 scrolls of identify {unknown}
 b - a scroll of magic mapping {unknown}
 c - a scroll of teleportation {unknown}
 d - a scroll of amnesia {unknown}
 e - a scroll of vulnerability {unknown}
 g - a scroll of summoning {unknown}
 i - a scroll of fog {unknown}
Potions
 j - a potion of berserk rage {unknown}

Dungeon Overview and Level Annotations

Branches:
Dungeon (3/15)

Altars:
Xom

#.##.###.#
#<.⌠..'
#.##.....#
##...##
#.#####..#
######
#........#######
#
######.........#
# #...?.####.# #
#.....## #
#......# #
#....@.#
#....oS#
##.###g.. #.
..... ##
######.# #.# #.#
#.# #.#


You could see an orc priest, an adder and a goblin.


Message History

No target in view!
No target in view!
No target in view!
No target in view!
No target in view!
No target in view!
No target in view!
No target in view!
No target in view!
No target in view!
No target in view!
No target in view!
No target in view!
No target in view!
There is a stone staircase leading down here.
Your tentacle spike disappears.
A hobgoblin comes into view.
MP[+1]
Your mp is fully restored (7).
One of your tentacles grows a vicious spike.
MP[-1]
You lost 1 mp, and now have 6/7 mp.
The helpless hobgoblin fails to defend itself.
You hit the hobgoblin. You grab the hobgoblin.
You pierce the hobgoblin.
You kill the hobgoblin!
No target in view!
No target in view!
No target in view!
No target in view!
No target in view!
No target in view!
No target in view!
No target in view!
No target in view!
No target in view!
No target in view!
No target in view!
No target in view!
You see here a hobgoblin corpse.
Your transformation is almost over.
Your tentacle spike disappears.
An orc comes into view. It is wielding a +0 short sword.
MP[+1]
Your mp is fully restored (7).
One of your tentacles grows a vicious spike.
MP[-1]
You lost 1 mp, and now have 6/7 mp.
An orc is nearby!
An orc comes into view. It is wielding a +0 flail.
An orc priest comes into view. It is wielding a +0 whip.
The orc priest shouts!
The orc priest moves out of view.
The orc priest casts a cantrip, but nothing happens.
You hear an angry hiss.
Your transformation is almost over.
The orc shouts!
You hear a shout!
An adder comes into view.
The orc priest mumbles some strange prayers to Beogh against you.
Pain shoots through your body! The adder misses you.
You barely miss the orc. You grab the orc. You squeeze the orc.
You constrict the orc.
A goblin comes into view. It is wielding a +0 club.
The adder bites you.
You are poisoned.
The adder poisons you!
HP[-6]
You take 6 damage, and now have 23/29 hp.
MASSIVE DAMAGE!! (PAUSE)
The goblin shouts!
You hit the orc. You constrict the orc.
You kill the orc!
You feel sick. The adder completely misses you. The adder closely misses you.
The orc priest invokes the aid of Beogh against you.
You barely resist.
Your Unarmed Combat skill increases to level 4!
You hit the adder. Your grab misses the adder.
Your tentacle spike misses the adder.
Your squeeze misses the adder.
You feel sick. The adder bites you.
You are more poisoned.
The adder poisons you!
HP[-7] MP[+1]
You take 7 damage, and now have 16/29 hp.
MASSIVE DAMAGE!! (PAUSE)
Your mp is fully restored (7).
You hit the orc priest. You grab the orc priest. You constrict the orc priest.
You feel sick. The adder bites you.
* * * LOW HITPOINT WARNING * * *
The orc priest hits you with a +0 whip.
* * * LOW HITPOINT WARNING * * *
The adder closely misses you.
HP[-7]
You take 7 damage, and now have 9/29 hp.
MASSIVE DAMAGE!! (PAUSE)
You hit the orc priest but do no damage.
You pierce the orc priest.
You constrict the orc priest.
You feel sick. The adder bites you.
* * * LOW HITPOINT WARNING * * *
The orc priest hits you with a +0 whip.
You die...

Skill      XL: |  1  2  3  4 |
---------------+-------------+-----
Stealth        | 1 2 |  2.4
Unarmed Combat | 4 |  4.0
Fighting       | |  1.8
Dodging        | |  2.6
Spellcasting   | |  2.0
Transmutations | |  2.7

Action                   |  1- 3 |  4- 6 || total
-------------------------+-------+-------++-------
Melee: Unarmed           |    81 |       ||    81
       Constrict         |    20 |     9 ||    29
       Kick              |    11 |     7 ||    18
       Tentacles         |    18 |     6 ||    24
       Punch             |     4 |       ||     4
       Short sword       |     4 |    26 ||    30
 Cast: Beastly Appendage |    22 |    11 ||    33
 Stab: Sleeping          |     2 |     6 ||     8
Armor: Skin              |    13 |     2 ||    15
Dodge: Dodged            |    35 |    12 ||    47

Levels and vault maps discovered:
D:1:      dpeg_arrival_caged_fury, layout_loops_ring
D:2:      layout_rooms, basic_altar, kennysheep_generic_room_15
D:3:      layout_loops_corners, hellmonk_ecumenical_altar_heavens_door,
          grunt_ministairs_5

Notes
Turn   | Place    | Note
-------+----------+-------------------------------------------
     0 | D:1      | zeratav the Octopode Transmuter began the quest for the
                  | Orb.
     0 | D:1      | Reached XP level 1. HP: 13/13 MP: 3/3
     0 | D:1      | magus.rc [v1.9.6]
    14 | D:1      | Found a runed translucent door.
   424 | D:1      | Reached XP level 2. HP: 17/18 MP: 3/5
   708 | D:1      | Reached skill level 1 in Stealth
   964 | D:1      | Reached XP level 3. HP: 13/23 MP: 6/6
  1175 | D:2      | HP: 5/23 [poisoned by an adder]
  1993 | D:2      | Found a shimmering altar of Xom.
  1996 | D:2      | Reached skill level 2 in Stealth
  1996 | D:2      | Reached XP level 4. HP: 23/28 MP: 5/7
  2941 | D:3      | Reached skill level 4 in Unarmed Combat
  2943 | D:3      | HP: 3/29 [adder (5)]
  2943 | D:3      | Slain by an orc priest

Vanquished Creatures
  A hound skeleton (D:2)
  4 adders
  A dart slug (D:3)
  An orc (D:3)
  12 endoplasms
  3 giant cockroaches
  A goblin (D:2)
  3 hobgoblins
  4 jackals
  4 kobolds
  2 quokkas
  4 ball pythons
  4 bats
  3 frilled lizards
  7 rats
54 creatures vanquished.

Table legend:
 A = Non-vault XP
 B = Vault XP
 C = Vault XP percentage of total XP
 D = Non-vault monster count
 E = Vault monster count
 F = Vault count percentage of total count
                 A         B        C        D         E       F
            +---------+---------+-------+---------+---------+-------
      Total |     113 |      45 |  28.5 |      36 |      18 |  33.3
            +---------+---------+-------+---------+---------+-------
        D:1 |      17 |      25 |  59.5 |      11 |      14 |  56.0
        D:2 |      55 |      15 |  21.4 |      15 |       2 |  11.8
        D:3 |      41 |       5 |  10.9 |      10 |       2 |  16.7
            +---------+---------+-------+---------+---------+-------

Illustrated notes

Table legend:
 A = Kills in this place as a percentage of kills in entire the game.
 B = Kills by you in this place as a percentage of kills by you in the entire game.
 C = Kills by friends in this place as a percentage of kills by friends in the entire game.
 D = Other kills in this place as a percentage of other kills in the entire game.
 E = Experience gained in this place as a percentage of experience gained in the entire game.
 F = Experience gained in this place divided by the number of levels of this place that you have seen.
                   A       B       C       D       E      F
               +-------+-------+-------+-------+-------+----------------------
         Total | 100.0 | 100.0 |   N/A |   N/A | 100.0 |  52.7
       Dungeon | 100.0 | 100.0 |   N/A |   N/A | 100.0 |  52.7
               +-------+-------+-------+-------+-------+----------------------

Table legend: (Time is in decaauts)
 A = Elapsed time spent in this place.
 B = Non-inter-level travel time spent in this place.
 C = Inter-level travel time spent in this place.
 D = Time resting spent in this place.
 E = Time spent auto-exploring this place.
 F = Levels seen in this place.
 G = Mean time per level.
                   A        B        C        D        E       F      G
               +--------+--------+--------+--------+--------+-----+--------+
         Total |   2941 |   2897 |     44 |    487 |   2100 |   3 |  980.3 |
       Dungeon |   2941 |   2897 |     44 |    487 |   2100 |   3 |  980.3 |
               +--------+--------+--------+--------+--------+-----+--------+

Top non-repeatable levels by time:
     D:1: 1390 daAuts
     D:2: 905 daAuts
     D:3: 646 daAuts
